Map: New Gettysburg LE

Players

Carter

  • Race: Zerg Zerg
  • League: Diamond

OhrlRokK - Winner!

  • Race: Protoss Protoss
  • League: Diamond

VOD

Have the link to the VOD?

Description

Time

  • Played on: Oct. 8, 2016, 8:57 p.m.
  • Length: 9:42
Show
View Real Time Build Order
Export as new Build Order

Carter Zerg 

Build Orders: Pool First 

Get SALT Encoding   

  12  0:00  Drone  
  13  0:13  Overlord  
  13  0:19  Drone  
  14  0:32  Drone x2  
  16  0:37  Drone  
  17  0:47  Spawning Pool  
  16  0:53  Drone  
  17  1:13  Hatchery  
  17  1:15  Drone  
  17  1:20  Extractor  
  16  1:29  Drone  
  16  1:31  Drone x2  
  19  1:38  Queen  
  21  1:45  Overlord  
  21  1:55  Zergling x2  
  22  2:09  Drone  
  23  2:19  Drone  
  23  2:22  Hatchery  
  23  2:25  Metabolic Boost  
  23  2:37  Zergling x6  
  23  2:43  Drone  
  27  2:50  Drone x3  
  30  2:55  Drone x2  
  32  3:01  Pneumatized Carapace  
  32  3:10  Overlord  
  32  3:15  Queen  
  34  3:22  Drone x2  
  36  3:30  Overlord  
  36  3:32  Drone x2  
  36  3:33  Drone  
  39  3:47  Drone x2  
  39  3:48  Roach Warren  
  40  3:51  Queen  
  42  4:00  Queen  
  44  4:02  Queen  
  44  4:08  Extractor, Drone x2  
  47  4:18  Drone x3  
  50  4:25  Overlord  
  50  4:28  Roach x3  
  50  4:29  Roach  
  58  4:41  Overlord  
  58  4:43  Queen  
  59  4:48  Drone  
  59  4:51  Drone x5  
  65  4:53  Overlord  
  65  5:06  Drone x3  
  65  5:07  Drone, Roach x2  
  73  5:16  Roach x2  
  73  5:17  Roach x2  
  73  5:19  Overlord  
  81  5:30  Overlord  
  69  5:46  Drone  
  69  5:47  Drone x7  
  69  5:48  Drone x5  
  73  6:01  Roach x4  
  71  6:04  Drone  
  71  6:09  Drone x3  
  68  6:16  Drone x2  
  68  6:17  Drone  
  65  6:24  Drone x3  
  63  6:36  Drone x2  
  52  6:46  Drone  
  49  6:57  Drone x3  
  49  6:58  Drone  
  52  7:01  Drone  
  52  7:10  Drone  
  46  7:23  Drone x3  
  49  7:31  Drone  
  50  7:37  Drone  
  50  7:38  Drone  
  50  7:40  Drone  
  53  7:45  Drone x2  
  53  7:47  Drone  
  57  7:51  Drone x2  
  58  8:07  Ravager x6  
  58  8:10  Drone x5  
  51  8:52  Zergling x6  
  51  8:53  Zergling x12  
  51  8:54  Zergling x8  
  45  9:03  Zergling x2  
  45  9:05  Zergling x4  
  54  9:13  Zergling x2  
  55  9:21  Zergling x6  
Show
View Real Time Build Order
Export as new Build Order

OhrlRokK Protoss - Winner!

Build Orders: 1 Gate Expand 

Get SALT Encoding   

  12  0:01  Probe (Chrono Boost)  
  13  0:13  Probe (Chrono Boost)  
  14  0:18  Pylon  
  14  0:23  Probe (Chrono Boost)  
  15  0:37  Probe (Chrono Boost)  
  15  0:40  Gateway  
  16  0:50  Assimilator  
  16  0:56  Probe (Chrono Boost)  
  17  1:06  Probe (Chrono Boost)  
  18  1:17  Probe (Chrono Boost)  
  19  1:26  Nexus  
  19  1:34  Probe (Chrono Boost)  
  19  1:39  Cybernetics Core  
  20  1:45  Probe (Chrono Boost)  
  21  1:50  Pylon  
  21  1:55  Probe (Chrono Boost)  
  22  2:02  Assimilator  
  22  2:06  Probe (Chrono Boost)  
  23  2:12  Adept  
  25  2:18  Warp Gate, Probe (Chrono Boost)  
  27  2:30  Probe (Chrono Boost)  
  27  2:40  Adept  
  27  2:42  Twilight Council, Probe (Chrono Boost)  
  27  2:43  Probe (Chrono Boost)  
  31  2:53  Gateway  
  31  3:00  Gateway  
  31  3:05  Resonating Glaives  
  32  3:06  Probe (Chrono Boost)  
  32  3:07  Adept  
  34  3:13  Probe (Chrono Boost)  
  36  3:27  Probe (Chrono Boost)  
  36  3:28  Probe (Chrono Boost)  
  37  3:34  Adept  
  37  3:35  Robotics Facility  
  39  3:46  Probe (Chrono Boost)  
  39  3:47  Probe (Chrono Boost)  
  41  3:51  Gateway  
  41  4:10  Gateway  
  41  4:13  Gateway x2  
  41  4:24  Warp Prism  
  41  4:27  Stalker  
  45  4:34  Pylon  
  45  4:36  Probe (Chrono Boost)  
  45  4:37  Pylon  
  48  4:53  Probe x2 (Chrono Boost)  
  48  4:55  Adept  
  48  4:56  Adept x2  
  54  5:06  Probe x2 (Chrono Boost)  
  56  5:10  Pylon  
  56  5:11  Immortal  
  60  5:31  Adept x5  
  62  5:52  Adept x4  
  62  5:53  Adept x2, Probe x2 (Chrono Boost)  
  69  6:11  Probe (Chrono Boost)  
  69  6:18  Immortal  
  69  6:28  Blink  
  69  6:29  Stalker  
  67  6:33  Pylon  
  67  6:36  Assimilator  
  67  6:39  Assimilator  
  67  6:43  Probe (Chrono Boost)  
  67  6:44  Pylon  
  67  6:46  Pylon x3  
  68  6:53  Probe (Chrono Boost)  
  68  6:54  Pylon  
  62  7:16  Probe (Chrono Boost)  
  62  7:22  Stalker x7, Probe (Chrono Boost)  
  73  7:23  Warp Prism  
  73  7:28  Probe (Chrono Boost)  
  74  7:34  Probe (Chrono Boost)  
  75  7:45  Adept x4  
  75  7:46  Adept x3  
  75  7:51  Probe (Chrono Boost)  
  90  8:07  Pylon  
  60  9:00  Adept x7  
  74  9:05  Probe (Chrono Boost)  
  79  9:13  Probe (Chrono Boost)  
  80  9:22  Adept x7  
Tags
 
Add a new tag
Caveats
  • Supply blocks, unpowered buildings, or Contaminate may cause inaccurate times.
  • Supply counts are checked every 10 seconds.